 Dungeon Crawl Stone Soup version 0.19-a0-1107-gc676ff4 (webtiles) character file.

1574 Leszczynek the Carver (level 8, 53/53 (54) HPs)
             Began as a High Elf Arcane Marksman on Aug 9, 2016.
             Was an Initiate of Yredelemnul.
             Quit the game in the Ecumenical Temple.
             The game lasted 00:24:57 (8011 turns).

Leszczynek the Carver (High Elf Arcane Marksman)    Turns: 8011, Time: 00:24:58

HP:   53/53 (54)    AC: 11    Str: 10    XL:     8   Next: 59%
MP:   10/10         EV: 13    Int: 17    God:    Yredelemnul [......]
Gold: 316           SH:  0    Dex: 17    Spells: 3 memorised, 3 levels left

rFire  . . .     SeeInvis +     b - +1 long sword
rCold  . . .     Gourm    .     h - +0 ring mail
rNeg   . . .     Faith    .     (no shield)
rPois  .         Spirit   +     (no helmet)
rElec  .         Dismiss  .     (no cloak)
rCorr  .         Reflect  .     q - +0 pair of gloves
SustAt .         Harm     .     (no boots)
MR     .....                    v - amulet of guardian spirit
Stlth  ++........               r - +5 ring of protection
                                w - ring of see invisible

@:
A: no striking features
a: Renounce Religion


You were in the Ecumenical Temple.
You worshipped Yredelemnul.
Yredelemnul was noncommittal.
You were not hungry.

You visited 2 branches of the dungeon, and saw 7 of its levels.

You collected 316 gold pieces.

Inventory:

Hand Weapons
 a - a +0 shortbow
 b - a +1 long sword (weapon)
 j - a +0 short sword
Missiles
 d - 82 arrows
Armour
 h - a +0 ring mail (worn)
 l - a +0 leather armour of magic resistance
 q - a +0 pair of gloves (worn)
Jewellery
 o - an uncursed ring of sustain attributes
 r - a +5 ring of protection (right hand)
 t - an uncursed amulet of rage
 v - an amulet of guardian spirit (around neck)
 w - a ring of see invisible (left hand)
 y - an uncursed ring of fire
Wands
 z - a wand of lightning (6/15)
Scrolls
 g - 6 scrolls of remove curse
 i - 3 scrolls of amnesia
 k - a scroll of recharging {unknown}
 m - 3 scrolls of identify
 p - 3 scrolls of enchant armour {unknown}
Potions
 e - a potion of agility {unknown}
 n - a potion of flight {unknown}
 s - a potion of brilliance
 u - 2 potions of curing
Books
 c - a book of Debilitation

   Spells                             Type                      Level
   a - Corona                         Hexes                        1
   b - Slow                           Hexes                        2
   c - Gell's Gravitas                Hexes/Translocation          3
   d - Inner Flame                    Hexes/Fire                   3
   e - Cause Fear                     Hexes                        4
   f - Leda's Liquefaction            Hexes/Earth                  4
 B - a book of Misfortune

   Spells                             Type                      Level
   a - Confusing Touch                Hexes                        1
   b - Confuse                        Hexes                        3
   c - Gell's Gravitas                Hexes/Translocation          3
   d - Petrify                        Transmutation/Earth          4
   e - Metabolic Englaciation         Hexes/Ice                    5
   f - Yara's Violent Unravelling     Hexes/Transmutation          5
Comestibles
 f - 4 bread rations
 x - 3 meat rations


   Skills:
 + Level 4.3 Fighting
 - Level 1.0(5.5) Short Blades
 * Level 8.8 Long Blades
 - Level 5.1 Bows
 - Level 2.0 Armour
 - Level 5.0 Dodging
 - Level 2.5 Stealth
 - Level 1.2 Spellcasting
 + Level 3.1 Hexes


You had 3 spell levels left.
You knew the following spells:

 Your Spells              Type           Power        Failure   Level  Hunger
a - Corona                Hex            ##.....      17%         1    ##.....
b - Slow                  Hex            ##......     28%         2    ###....
c - Confuse               Hex            ##......     54%         3    ####...


Dungeon Overview and Level Annotations

Branches:
Dungeon (6/15)             Temple (1/1) D:6

Altars:
Cheibriados
Dithmenos
Gozag
Hepliaklqana
Makhleb
Pakellas
Ru
Sif Muna
Uskayaw
Xom
Yredelemnul
Zin
The Shining One

Annotations:
D:5 Blork the orc; Leszczynek's ghost, amateur HEAM
D:6 exclusion: water moccasin


Message History

You climb downwards.
Welcome to the Ecumenical Temple!
There is a staircase back to the Dungeon here.
Found a shimmering altar of Xom and a glowing golden altar of the Shining One.
HP restored.
Found an opulent altar of Gozag.
Found a hide-covered altar of Uskayaw.
Found a snail-covered altar of Cheibriados and a hazy altar of Hepliaklqana.
Found a shadowy altar of Dithmenos.
Found a burning altar of Makhleb.
There is an opulent altar of Gozag here.
Found a glowing silver altar of Zin.
Found a basalt altar of Yredelemnul.
There is a basalt altar of Yredelemnul here.
You kneel at the altar of Yredelemnul.
Yredelemnul welcomes you!
Unknown command.
Enter note: ah wait
Enter note: no backtracking
Enter note: oooooooooooops Are you sure you want to abandon this character and quit the game? (Confirm with "yes".)

..###...####.####...###
...#.....##...##.....#.
......#._#..<..#_.#....
...#.....##...##.....#.
.. ##...####.####...###
. ##...##...##...## #
##.......#.......
#................
#..@.....#....._
#.......#.#....
##....##### ##..## ....
..... .#... .# #...


There were no monsters in sight!

Vanquished Creatures
  An ice beast (D:5)
  2 phantoms (D:4)
  3 ogres (D:4)
  2 necrophages (D:6)
  A centaur (D:6)
  A scorpion (D:4)
  3 wights (D:6)
  A hound (D:4)
  2 orc priests (D:5)
  4 orc wizards
  A centaur skeleton (D:6)
  A giant frog skeleton (D:4)
  4 worker ants
  A hound skeleton (D:5)
  A howler monkey skeleton (D:5)
  10 gnolls
  7 adders
  A shadow imp (D:5)
  2 adder zombies (D:5)
  A worm (D:5)
  4 dart slugs
  2 giant geckos
  17 orcs
  3 giant cockroaches
  6 goblins
  5 hobgoblins
  2 jackals (D:2)
  A quokka (D:6)
  8 bats
  A giant newt (D:1)
  11 kobolds
  3 rats
112 creatures vanquished.

Notes
Turn   | Place    | Note
-------+----------+-------------------------------------------
     0 | D:1      | Leszczynek the High Elf Arcane Marksman began the quest for the Orb.
     0 | D:1      | Reached XP level 1. HP: 13/13 MP: 3/3
   217 | D:1      | Reached skill level 1 in Stealth
   558 | D:1      | Reached skill level 2 in Stealth
   559 | D:1      | Reached XP level 2. HP: 18/18 MP: 4/4
   572 | D:1      | Learned a level 2 spell: Slow
  1276 | D:2      | Reached skill level 3 in Bows
  1466 | D:2      | i can't hit him through corona
  1477 | D:2      | Reached XP level 3. HP: 10/23 MP: 1/5
  1478 | D:2      | jesus is this character absolutely bad
  1719 | D:2      | Reached skill level 1 in Short Blades
  2519 | D:2      | Reached skill level 4 in Bows
  2796 | D:2      | Reached skill level 1 in Long Blades
  2865 | D:2      | Reached XP level 4. HP: 25/28 MP: 0/6
  3077 | D:3      | Reached skill level 2 in Long Blades
  3792 | D:2      | Reached XP level 5. HP: 15/33 MP: 3/7
  4140 | D:2      | Reached skill level 3 in Long Blades
  4360 | D:3      | Found a deep blue altar of Sif Muna.
  4425 | D:4      | Reached skill level 5 in Bows
  4549 | D:4      | Noticed a phantom
  4610 | D:4      | Killed a phantom
  4610 | D:4      | Reached skill level 4 in Long Blades
  4610 | D:4      | Reached skill level 3 in Dodging
  4610 | D:4      | Reached XP level 6. HP: 15/38 MP: 8/8
  4753 | D:4      | Reached skill level 2 in Fighting
  4844 | D:4      | Reached skill level 5 in Long Blades
  5120 | D:4      | Reached XP level 7. HP: 40/45 MP: 9/9
  5159 | D:4      | Reached skill level 4 in Dodging
  5438 | D:4      | Reached skill level 6 in Long Blades
  5588 | D:4      | Reached skill level 3 in Fighting
  6147 | D:5      | Entered Level 5 of the Dungeon
  6294 | D:5      | Noticed Leszczynek's ghost (amateur HEAM)
  6311 | D:5      | funny he has 48% on me but i have 29% on him
  6311 | D:5      | i had no MR items
  6311 | D:5      | and maybe 0.5 in hexes more
  6332 | D:5      | also that corona lasts awfully long
  6332 | D:5      | unlike mine which goes out in 6 or 8 turns
  6389 | D:5      | Found an oddly glowing altar of Pakellas.
  6409 | D:5      | Reached skill level 7 in Long Blades
  6440 | D:5      | Noticed Blork the orc
  6518 | D:5      | Found a sacrificial altar of Ru.
  6664 | D:5      | Reached skill level 5 in Dodging
  6664 | D:5      | Reached XP level 8. HP: 29/52 MP: 10/10
  7470 | D:6      | Reached skill level 1 in Armour
  7580 | D:6      | Reached skill level 8 in Long Blades
  7655 | D:6      | Reached skill level 4 in Fighting
  7761 | D:6      | Reached skill level 2 in Armour
  7773 | D:6      | Learned a level 3 spell: Confuse
  7946 | D:6      | Found a staircase to the Ecumenical Temple.
  7955 | Temple   | Entered the Ecumenical Temple
  8010 | Temple   | Became a worshipper of Yredelemnul the Dark
  8011 | Temple   | ah wait
  8011 | Temple   | no backtracking
  8011 | Temple   | oooooooooooops
  8011 | Temple   | Quit the game

Vault maps used:
D:1:      mrwooster_arrival_statue, hangedman_decor_points
D:2:      first_bread
D:3:      led_sif_pool, serial_forest, infiniplex_forest_lined_3,
          infiniplex_forest_end_2, infiniplex_forest_side_room,
          infiniplex_forest_lined_ring, infiniplex_forest_clump_long,
          infiniplex_forest_end_2, infiniplex_forest_clump_double,
          minmay_goblin_kobold_house
D:5:      kennysheep_mini_moat, grunt_pakellas_sulfur, uniq_blork_the_orc
D:6:      old_standard_altar
Temple:   eino_temple_scatter_basement

Skill      XL: |  1  2  3  4  5  6  7  8 |
---------------+-------------------------+-----
Stealth        | 2 |  2.5
Bows           | 3 4 5 |  5.1
Short Blades   | 1 |  1.0
Long Blades    | 1 2 4 5 7 8 |  8.8
Dodging        | 3 5 |  5.0
Fighting       | 2 3 4 |  4.3
Armour         | 2 |  2.0
Spellcasting   | |  1.2
Hexes          | |  3.1

Action                   |  1- 3 |  4- 6 |  7- 9 || total
-------------------------+-------+-------+-------++-------
Melee: Short sword       |    68 |     1 |       ||    69
       Falchion          |       |   104 |       ||   104
       Long sword        |       |    36 |   245 ||   281
 Fire: Shortbow          |    43 |    70 |    37 ||   150
 Cast: Corona            |     9 |    18 |     9 ||    36
       Slow              |     6 |    10 |     5 ||    21
  Use: Potion            |     1 |     2 |       ||     3
       Scroll            |       |     9 |       ||     9
 Stab: Sleeping          |     4 |       |     4 ||     8
       Distracted        |     1 |       |     1 ||     2
  Eat: Chunk             |     6 |     6 |     3 ||    15
       Beef jerky        |       |     2 |       ||     2
       Bread ration      |       |       |     2 ||     2
Armor: Robe              |    21 |    39 |     7 ||    67
       Ring mail         |       |       |    60 ||    60
Dodge: Dodged            |    53 |    90 |    89 ||   232
